 Dungeon Crawl Stone Soup version 0.31-a0-978-g1e143483b6 (console) character file.

Game seed: 8468225339899152820

42 petzl the Sneak (level 3, -1/29 HPs)
             Began as a Formicid Delver on Oct 30, 2023.
             Succumbed to a kobold brigand's curare-tipped dart
             ... on level 9 of the Dungeon.
             The game lasted 00:05:31 (798 turns).

petzl the Sneak (Formicid Delver)                    Turns: 798, Time: 00:05:32

Health: -1/29      AC:  5    Str: 22    XL:     3   Next: 77%
Magic:  7/7        EV: 11    Int: 11    God:
Gold:   16         SH:  0    Dex: 15    Spells: 8/8 levels left

rFire   . . .        g - +0 flail
rCold   . . .        (no shield)
rNeg    . . .        k - +0 ring mail
rPois   .            (helmet unavailable)
rElec   .            (no cloak)
rCorr   .            (no gloves)
SInv    +            (no boots)
Will    .....        (no amulet)
Stlth   +++          e - +6 ring of strength
HPRegen 0.24/turn    (no ring)
MPRegen 0.10/turn

%: no passive effects
@: lethally poisoned (-1 -> -7)
A: permanent stasis, dig shafts and tunnels, antennae 3, four strong arms
a: Dig, Shaft Self


You were on level 9 of the Dungeon.
You visited 1 branch of the dungeon, and saw 5 of its levels.

You collected 16 gold pieces.

Inventory:

Hand Weapons
 g - a +0 flail (weapon)
Armour
 k - a +0 ring mail (worn)
Jewellery
 e - a +6 ring of strength (left hand)
Wands
 f - a wand of digging (3)
Scrolls
 c - a scroll of fog
 d - a scroll of revelation
 h - a scroll of teleportation {unknown}
 i - 3 scrolls of identify {unknown}
 j - a scroll of amnesia {unknown}
Potions
 a - a potion of degeneration {unknown}


   Skills:
 - Level 3.2 Fighting
 - Level 2.0 Maces & Flails
 - Level 1.7 Dodging
 - Level 6.0 Stealth
 + Level 3.1 Spellcasting


You had 8 spell levels left.
You didn't know any spells.
Your spell library was empty.

Dungeon Overview and Level Annotations

Branches:
Dungeon (7/15)
 Temple: D:4-7

Altars:
Elyvilon
Trog

Annotations:
D:6 exclusion: downstairs


Innate Abilities, Weirdness & Mutations

You cannot be hasted, slowed, berserked, paralysed or teleported.
You can dig through walls and to a lower floor.
You have a pair of large antennae on your head. (SInv)
Your four strong arms can wield two-handed weapons with a shield.


Message History

The white imp shouts!
You see here a lumpy red potion.
a - a lumpy red potion You open the door.
Found a bloodstained altar of Trog.
A shadow imp comes into view.
There is an open door here.
A kobold brigand opens the door.
The white imp closely misses you.
There is an open door here.
The shadow imp shouts!
The white imp hits you. The white imp freezes you.
The kobold brigand throws a curare-tipped dart.
The curare-tipped dart hits you.
You are poisoned.
You have difficulty breathing.
Your stasis prevents you from being slowed.
The white imp attacks as it pursues you!
The white imp hits you. The white imp freezes you.
* * * LOW HITPOINT WARNING * * *
You feel very sick.
The white imp attacks as it pursues you!
The white imp barely misses you.
Unknown command.
Unknown command.
Unknown command.
Okay, then.
Are you sure you want to shaft yourself?
* * * LOW HITPOINT WARNING * * *
You feel sick. The white imp closely misses you.
You begin to dig a shaft.
You continue digging a shaft.
* * * LOW HITPOINT WARNING * * *
You feel sick. The white imp gestures at you. The puff of frost hits you.
* * * LOW HITPOINT WARNING * * *
A shaft appears beneath you!
You fall into a shaft and drop 2 floors!
The shaft crumbles and collapses.
You die...

.......
......(
.......
.......
......#
###.......
#......##.
#.@.......
#....#....
#.....# .
###..##
####


There were no monsters in sight!

Vanquished Creatures
  An orc priest (D:5)
  A white imp (D:7)
  A worm (D:5)
  3 kobolds
6 creatures vanquished.

Notes
Turn   | Place    | Note
-------+----------+-------------------------------------------
     0 | D:5      | petzl the Formicid Delver began the quest for the Orb.
     0 | D:5      | Reached XP level 1. HP: 18/18 MP: 1/1
    62 | D:5      | Noticed an ice beast
   117 | D:7      | Identified the "Luamotz"
   117 | D:7      | Identified the of Cuic
   117 | D:7      | Noticed an ice beast
   130 | D:6      | Noticed an ogre
   296 | D:5      | Noticed an ice beast
   340 | D:5      | Reached skill level 1 in Spellcasting
   364 | D:4      | Noticed an orc priest
   428 | D:5      | Killed an orc priest
   429 | D:5      | Reached XP level 2. HP: 21/24 MP: 2/5
   429 | D:5      | Reached XP level 3. HP: 25/29 MP: 2/7
   507 | D:4      | You fall into a shaft and drop 3 floors!
   643 | D:7      | Noticed a bullfrog
   648 | D:7      | Found a white marble altar of Elyvilon.
   725 | D:7      | Noticed a kobold brigand
   787 | D:7      | Found a bloodstained altar of Trog.
   797 | D:7      | HP: 1/29 [white imp/puff of frost (2)]
   798 | D:7      | You fall into a shaft and drop 2 floors!
   798 | D:9      | Succumbed to a kobold brigand's curare-tipped dart

Illustrated notes

Levels and vault maps discovered:
D:4:      layout_basic, mainiacjoe_overflow_alcove_3,
          mainiacjoe_overflow_surrounded_room,
          minmay_temple_entry_enclosed_plants
D:5:      layout_loops_corners, uniq_duvessa
D:6:      layout_basic, grunt_decor_cap, uniq_pikel, uniq_edmund
D:7:      layout_rooms, general_overflow_altar, mainiacjoe_overflow_alcove_1,
          kennysheep_little_box
D:9:      layout_cave_pools, nicolae_ashenzari_skybound, orc_0_dummy, uniq_erica

Skill      XL: |  1  2  3 |
---------------+----------+-----
Spellcasting   | 2 3 |  3.1
Fighting       | |  3.2
Maces & Flails | |  2.0
Dodging        | |  1.7
Stealth        | |  6.0

Action                     || total
---------------------------++-------
  Melee: Flail             ||    21
         Punch             ||     1
Ability: Shaft Self        ||     2
    Use: Scroll            ||     1
 Armour: Leather armour    ||    15
         Ring mail         ||     3
  Dodge: Dodged            ||    14

Table legend: (Time is in decaauts)
 A = Elapsed time spent in this place.
 B = Non-inter-level travel time spent in this place.
 C = Inter-level travel time spent in this place.
 D = Time resting spent in this place.
 E = Time spent auto-exploring this place.
 F = Levels seen in this place.
 G = Mean time per level.
                   A        B        C        D        E       F      G
               +--------+--------+--------+--------+--------+-----+--------+
         Total |    805 |    805 |      0 |    218 |     56 |   5 |  161.0 |
       Dungeon |    805 |    805 |      0 |    218 |     56 |   5 |  161.0 |
               +--------+--------+--------+--------+--------+-----+--------+

Top non-repeatable levels by time:
     D:5: 321 daAuts
     D:7: 293 daAuts
     D:4: 123 daAuts
     D:6: 67 daAuts
